[Event "Titled Tuesday Blitz July 4 Late 2023"]
[White "Gombocz, Ferenc Jr."]
[Black "WindWhistler11"]
[WhiteFideId "775029"]
[WhiteElo "2402"]
[BlackElo "2529"]
[Result "1-0"]
[Round "7"]
[TimeControl "180+2"]
[Date "2023.07.04"]
[WhiteClock "0:01:08"]
[BlackClock "0:00:00"]
[Board "83"]

1. d4 f5 2. Bg5 d6 3. Nc3 h6 4. Bd2 g6 5. e4 Bg7 6. Nf3 Nc6 7. Bb5 Bd7 8. Bxc6 bxc6 9. e5 e6 10. O-O Ne7 11. Bf4 g5 12. exd6 gxf4 13. dxe7 Qxe7 14. Qd2 Qd6 15. Ne2 c5 16. Nxf4 cxd4 17. Nh5 O-O 18. Nxg7 Kxg7 19. Qxd4+ Qxd4 20. Nxd4 e5 21. Nb3 Bb5 22. Rfe1 e4 23. Nd4 Bd7 24. Rad1 Rad8 25. Nb3 Be6 26. Nc5 Bc8 27. b4 Kf6 28. a4 Rd6 29. Kf1 Rfd8 30. Ke2 Be6 31. Rxd6 cxd6 32. Nxe6 Kxe6 33. Ke3 Rc8 34. Rc1 1-0


[Site "https://www.chess.com"]

[Event "Titled Tuesday Blitz July 4 Late 2023"]
[White "Osmak, Yuliia"]
[Black "Gabdushev, Ruslan"]
[WhiteFideId "14101602"]
[BlackFideId "4137833"]
[WhiteElo "2528"]
[BlackElo "2406"]
[Result "0-1"]
[Round "7"]
[TimeControl "180+2"]
[Date "2023.07.04"]
[WhiteClock "0:00:00"]
[BlackClock "0:00:34"]
[Board "84"]

1. Nf3 d6 2. g3 Nf6 3. Bg2 c6 4. O-O e5 5. d4 Qc7 6. c4 Be7 7. Nc3 Nbd7 8. e4 O-O 9. h3 a6 10. a4 Re8 11. Be3 Nf8 12. Qc2 Ng6 13. a5 Be6 14. d5 Bd7 15. Bb6 Qc8 16. h4 c5 17. b4 cxb4 18. Na2 b3 19. Qxb3 Nxe4 20. h5 Nf8 21. Nxe5 Nd2 22. Qc2 Nxf1 23. Nxd7 Nxd7 24. Bh3 Nxg3 25. fxg3 Bf6 26. Rf1 Re7 27. Rxf6 gxf6 28. Bf5 Qe8 29. Bxh7+ Kh8 30. Bd3 Nxb6 31. axb6 Qg8 32. Kf2 Qg5 33. Nc3 Qe3+ 34. Kg2 Rg8 35. Ne2 Rg5 36. Qd1 Kg7 37. h6+ Kxh6 38. Qf1 Kg7 39. Qb1 Qd2 0-1


[Site "https://www.chess.com"]

[Event "Titled Tuesday Blitz July 4 Late 2023"]
[White "financieru"]
[Black "Moral Garcia, Serafin"]
[BlackFideId "2201925"]
[WhiteElo "2393"]
[BlackElo "2524"]
[Result "0-1"]
[Round "7"]
[TimeControl "180+2"]
[Date "2023.07.04"]
[WhiteClock "0:00:29"]
[BlackClock "0:01:37"]
[Board "85"]

1. d4 Nf6 2. c4 g6 3. Nc3 d5 4. cxd5 Nxd5 5. Na4 Bg7 6. e4 Nb6 7. Be3 O-O 8. Nf3 Bg4 9. Be2 Nc6 10. d5 Bxf3 11. gxf3 Ne5 12. Rc1 e6 13. f4 Ned7 14. dxe6 fxe6 15. Nxb6 axb6 16. Qb3 Kh8 17. Qxe6 Nc5 18. Qc4 Bxb2 19. Rd1 Qe7 20. Bf3 Bg7 21. e5 g5 22. fxg5 Rxf3 0-1


[Site "https://www.chess.com"]

[Event "Titled Tuesday Blitz July 4 Late 2023"]
[White "Novik, Maxim"]
[Black "Romero Arzuaga, Yudel"]
[WhiteFideId "4102924"]
[BlackFideId "3521010"]
[WhiteElo "2520"]
[BlackElo "2379"]
[Result "1/2-1/2"]
[Round "7"]
[TimeControl "180+2"]
[Date "2023.07.04"]
[WhiteClock "0:00:07"]
[BlackClock "0:00:05"]
[Board "86"]

1. e4 d5 2. exd5 Qxd5 3. Nc3 Qd8 4. d4 c6 5. Bc4 Bf5 6. Nf3 e6 7. O-O Nd7 8. Re1 Ngf6 9. d5 cxd5 10. Nxd5 Be7 11. Nxe7 Qxe7 12. Bf4 Qb4 13. b3 O-O 14. Bd6 Qb6 15. Bxf8 Nxf8 16. Qd4 Qc7 17. Bd3 Rd8 18. Qe5 Qb6 19. Bxf5 exf5 20. Qxf5 Ng6 21. Rad1 Rf8 22. g3 Qa6 23. h4 Qa3 24. h5 Ne7 25. Qe5 Nc6 26. Qd6 Qxa2 27. h6 Qxc2 28. hxg7 Kxg7 29. Nd4 Qg6 30. Nxc6 bxc6 31. Qxc6 h5 32. Re3 Ng4 33. Rd6 Qb1+ 34. Kg2 Nxe3+ 35. fxe3 Qe1 36. Qe4 Qe2+ 37. Kh3 Qg4+ 38. Qxg4+ hxg4+ 39. Kxg4 Rb8 40. Rd3 Kf6 41. Kf4 Rb4+ 42. e4 a5 43. g4 a4 44. bxa4 Rxa4 45. g5+ Kg7 46. Rd7 Ra1 47. Rc7 Rf1+ 48. Ke5 Kg6 49. Rc8 Kxg5 50. Rg8+ Kh6 51. Rg3 Kh7 52. Rg5 Rf2 53. Rg3 Rf1 54. Kd6 Re1 55. e5 f6 56. e6 f5 57. e7 Kh6 58. Kd7 Kh5 59. e8=Q+ Rxe8 60. Kxe8 f4 61. Rg8 Kh4 62. Ke7 f3 63. Ke6 Kh3 64. Ke5 f2 65. Rf8 Kg2 66. Rg8+ Kh2 67. Rf8 Kg2 68. Rg8+ Kh2 69. Rf8 Kg2 1/2-1/2


[Site "https://www.chess.com"]

[Event "Titled Tuesday Blitz July 4 Late 2023"]
[White "Womacka, Mathias"]
[Black "ElenGajger"]
[WhiteFideId "4611390"]
[WhiteElo "2518"]
[BlackElo "2378"]
[Result "0-1"]
[Round "7"]
[TimeControl "180+2"]
[Date "2023.07.04"]
[WhiteClock "0:00:00"]
[BlackClock "0:00:32"]
[Board "87"]

1. e4 c5 2. Nf3 g6 3. d4 cxd4 4. Nxd4 Bg7 5. c4 Nc6 6. Be3 Nf6 7. Nc3 O-O 8. Be2 d6 9. O-O Bd7 10. Qd2 Nxd4 11. Bxd4 Bc6 12. f3 a5 13. b3 Nd7 14. Be3 Nc5 15. Rac1 Qb6 16. Rc2 Rfc8 17. Rb1 h5 18. Bf1 Kh7 19. Nd5 Bxd5 20. exd5 Qb4 21. Qc1 a4 22. a3 Nxb3 23. axb4 Nxc1 24. Rbxc1 a3 25. Ra2 Ra4 26. c5 Rxb4 27. cxd6 Rxc1 28. Bxc1 Bd4+ 29. Kh1 Rb1 30. g4 exd6 31. Bxa3 Rxf1+ 32. Kg2 Rg1+ 33. Kh3 hxg4+ 34. fxg4 Be5 35. Bb2 Re1 36. Bxe5 Rxe5 37. Rb2 Rxd5 38. Rxb7 Kg7 39. Kg3 Kf6 40. h4 Ke6 41. g5 Rd3+ 42. Kf4 Rd4+ 43. Kg3 Rc4 44. Ra7 Rc6 45. Kf4 d5 46. Ke3 Rc4 47. Ra6+ Ke7 48. Ra7+ Kf8 49. Rd7 Rxh4 50. Rxd5 Rc4 51. Kf3 Ke7 52. Ra5 Rd4 53. Ra7+ Ke6 54. Ra6+ Rd6 55. Ra7 Rd7 56. Ra5 Rd5 57. Ra6+ Kf5 58. Rf6+ Kxg5 59. Rxf7 Rf5+ 60. Rxf5+ Kxf5 61. Kg3 Kg5 62. Kf3 Kh4 63. Kf4 g5+ 64. Kf3 Kh3 65. Kf2 Kh2 66. Kf3 Kh3 67. Kf2 g4 68. Kg1 Kg3 69. Kh1 Kf2 70. Kh2 g3+ 0-1


[Site "https://www.chess.com"]

[Event "Titled Tuesday Blitz July 4 Late 2023"]
[White "Bazilius, Augustinas"]
[Black "Camacho Collados, Marcos"]
[WhiteFideId "12832251"]
[BlackFideId "2266237"]
[WhiteElo "2373"]
[BlackElo "2513"]
[Result "0-1"]
[Round "7"]
[TimeControl "180+2"]
[Date "2023.07.04"]
[WhiteClock "0:01:13"]
[BlackClock "0:01:53"]
[Board "88"]

1. d4 d5 2. c4 e6 3. Nf3 a6 4. cxd5 exd5 5. Bg5 Be7 6. Bxe7 Nxe7 7. e3 Bf5 8. Bd3 O-O 9. O-O Nd7 10. Nbd2 Bxd3 11. Re1 Bg6 12. h4 h6 13. g4 h5 14. g5 Nf5 15. Kg2 Re8 16. Nf1 Nxh4+ 17. Nxh4 Qxg5+ 18. Kh3 Re4 19. Nf3 Bf5+ 20. Kh2 Qf6 21. Ng3 Bg4 22. Nxe4 dxe4 0-1


[Site "https://www.chess.com"]

[Event "Titled Tuesday Blitz July 4 Late 2023"]
[White "lagarto93"]
[Black "Alahakoon, Isuru"]
[BlackFideId "9900993"]
[WhiteElo "2502"]
[BlackElo "2372"]
[Result "0-1"]
[Round "7"]
[TimeControl "180+2"]
[Date "2023.07.04"]
[WhiteClock "0:01:09"]
[BlackClock "0:01:46"]
[Board "89"]

1. d4 d5 2. c4 e6 3. Nc3 Nf6 4. cxd5 exd5 5. Bg5 c6 6. e3 Bd6 7. Bd3 O-O 8. Nf3 Re8 9. O-O Bg4 10. Rb1 Nbd7 11. b4 Qc7 12. h3 Bh5 13. Be2 h6 14. Bxf6 Nxf6 15. b5 c5 16. Rc1 c4 17. a4 Ba3 18. Rc2 Bg6 19. Ra2 Bb4 20. Qc1 Qa5 21. Nd1 Rac8 22. Ne5 Bf5 23. g4 Bh7 24. h4 c3 25. g5 c2 26. Nb2 Bd2 0-1


[Site "https://www.chess.com"]

[Event "Titled Tuesday Blitz July 4 Late 2023"]
[White "kripri"]
[Black "Hamitevici, Vladimir"]
[BlackFideId "13902393"]
[WhiteElo "2339"]
[BlackElo "2498"]
[Result "0-1"]
[Round "7"]
[TimeControl "180+2"]
[Date "2023.07.04"]
[WhiteClock "0:00:06"]
[BlackClock "0:00:16"]
[Board "90"]

1. e4 c6 2. d4 Na6 3. Bxa6 Qa5+ 4. Nc3 Qxa6 5. Nf3 g6 6. Be3 Bg7 7. Qd2 d6 8. O-O-O b5 9. Kb1 Nf6 10. a3 Qb7 11. e5 dxe5 12. Nxe5 O-O 13. Bh6 Be6 14. Bxg7 Kxg7 15. h4 h5 16. Nd3 Bf5 17. Nc5 Qc7 18. f3 a5 19. N3e4 Nxe4 20. fxe4 Bg4 21. Rde1 e5 22. Qc3 Rfe8 23. Rhf1 exd4 24. Qxd4+ Qe5 25. Qxe5+ Rxe5 26. Nd3 Re7 27. e5 Rae8 28. Rf2 Bf5 29. Rfe2 Bxd3 30. cxd3 Rd8 31. Kc2 Rd4 32. Re4 Rd5 33. R1e3 Kf8 34. e6 f6 35. Rf3 Kg7 36. Rfe3 a4 37. Kc3 f5 38. Rd4 Rc5+ 39. Kb4 Rc1 40. Rd7 Kf6 41. Rxe7 Kxe7 42. d4 Rc2 43. Rc3 Rxb2+ 44. Kc5 Kxe6 45. Kxc6 Rb3 46. d5+ Ke5 47. Rc5 Rxa3 48. d6+ Ke6 49. d7 Rd3 50. Rxb5 Rd6+ 51. Kc5 Rd5+ 52. Kb4 Rd4+ 53. Ka3 Kxd7 54. Rb7+ Ke6 55. Rb6+ Rd6 56. Rb4 Ra6 57. Rc4 Ke5 58. Rb4 f4 59. Rb5+ Ke4 60. Rg5 f3 61. gxf3+ Kxf3 62. Rg1 Kf4 63. Rg5 Re6 64. Rg2 Ra6 65. Rg5 Ke3 66. Rg3+ Ke4 67. Rg5 Kf4 68. Rg2 Kf5 69. Rg5+ Kf6 70. Rg1 Re6 71. Kxa4 Re4+ 72. Kb3 Rxh4 73. Kc3 Rg4 74. Rf1+ Kg5 75. Kd3 Rf4 76. Rg1+ Kf5 77. Ke3 g5 78. Rb1 h4 79. Rb5+ Kg4 80. Rb2 h3 81. Rb1 h2 82. Rh1 Kg3 83. Ke2 Kg2 0-1


[Site "https://www.chess.com"]

[Event "Titled Tuesday Blitz July 4 Late 2023"]
[White "Deng, Henry"]
[Black "Gerbelli Neto, Eduardo"]
[WhiteFideId "30965454"]
[BlackFideId "2103281"]
[WhiteElo "2494"]
[BlackElo "2322"]
[Result "1/2-1/2"]
[Round "7"]
[TimeControl "180+2"]
[Date "2023.07.04"]
[WhiteClock "0:00:22"]
[BlackClock "0:00:24"]
[Board "91"]

1. e4 e5 2. Nf3 Nc6 3. Bc4 Nf6 4. d4 exd4 5. e5 d5 6. Bb5 Ne4 7. Nxd4 Bc5 8. Be3 O-O 9. Nxc6 bxc6 10. Bxc5 Nxc5 11. Bxc6 Rb8 12. Qxd5 Qxd5 13. Bxd5 Rxb2 14. Bb3 Nxb3 15. axb3 Rxc2 16. O-O a6 17. Na3 Rb2 18. Rfc1 Rxb3 19. Rxc7 Be6 20. Nc2 Rfb8 21. h3 Rb1+ 22. Rxb1 Rxb1+ 23. Kh2 g6 24. Nd4 Bd5 25. Rc5 Bb7 26. e6 fxe6 27. Nxe6 Rb2 28. Kg3 Rb3+ 29. f3 Rb5 30. Rc7 a5 31. Rg7+ Kh8 32. Rd7 Kg8 33. h4 a4 34. Nc7 Rb2 35. Ne8 Kf8 36. Nf6 h5 37. Nh7+ Kg8 38. Nf6+ Kf8 39. Kf4 a3 40. Nh7+ Kg8 41. Nf6+ Kf8 42. Nh7+ Kg8 43. Nf6+ Kf8 1/2-1/2


[Site "https://www.chess.com"]

[Event "Titled Tuesday Blitz July 4 Late 2023"]
[White "Zhang, Derek"]
[Black "Bullen, Alex"]
[WhiteFideId "2087871"]
[BlackFideId "1801627"]
[WhiteElo "2492"]
[BlackElo "2301"]
[Result "1-0"]
[Round "7"]
[TimeControl "180+2"]
[Date "2023.07.04"]
[WhiteClock "0:00:03"]
[BlackClock "0:00:00"]
[Board "92"]

1. Nf3 d5 2. c4 e6 3. e3 Nf6 4. Nc3 c5 5. cxd5 exd5 6. d4 Nc6 7. Be2 Bd6 8. dxc5 Bxc5 9. O-O O-O 10. b3 Be6 11. Bb2 Re8 12. Rc1 Bd6 13. Na4 Rc8 14. Nd4 Nxd4 15. Bxd4 Bb8 16. Nc5 b6 17. Nd3 Ne4 18. f3 Qh4 19. Be5 Bxe5 20. Nxe5 Nc3 21. Qd2 Nxe2+ 22. Qxe2 Qg5 23. Nc6 Bd7 24. f4 Qg6 25. Ne5 Qd6 26. Qd2 Bf5 27. Qd4 Be4 28. Rfd1 Qe6 29. Qa4 f6 30. Nc6 Qg4 31. Rd2 d4 32. exd4 Qxf4 33. Ne7+ Rxe7 34. Rxc8+ Kf7 35. Qc4+ Kg6 36. Rf2 Qe3 37. Qe2 Qg5 38. Qd2 Qg4 39. Rc1 Bf5 40. Re1 Rxe1+ 41. Qxe1 Qxd4 42. h3 Qd5 43. Qd2 Qe4 44. Qe2 Qb1+ 45. Kh2 Qa1 46. Qe3 Qb1 47. Qg3+ Kf7 48. Qf4 Qd3 49. Qxf5 1-0


[Site "https://www.chess.com"]

[Event "Titled Tuesday Blitz July 4 Late 2023"]
[White "Cooper, Aaron"]
[Black "Toniutti, Ezio"]
[WhiteFideId "2634945"]
[BlackFideId "113034"]
[WhiteElo "2224"]
[BlackElo "2492"]
[Result "0-1"]
[Round "7"]
[TimeControl "180+2"]
[Date "2023.07.04"]
[WhiteClock "0:00:00"]
[BlackClock "0:00:09"]
[Board "93"]

1. e4 e5 2. Bc4 Nf6 3. d3 Nc6 4. Nc3 Na5 5. Nge2 Nxc4 6. dxc4 Be7 7. f3 O-O 8. Be3 d6 9. Qd3 Be6 10. b3 a6 11. g4 Nd7 12. O-O-O b5 13. cxb5 axb5 14. h4 c5 15. Qxb5 Ra5 16. Qb7 Ra8 17. Kb1 Rb8 18. Qa6 Rb6 19. Qa4 Qb8 20. Nd5 Bxd5 21. Rxd5 Rb4 22. Qxd7 Re8 23. Bc1 Bf8 24. Bb2 Rb6 25. Qf5 Qa7 26. Nc3 c4 27. f4 exf4 28. Ra5 Qb7 29. Nd5 Rc6 30. Qg5 Re6 31. h5 h6 32. Qxf4 Qc8 33. g5 Qe8 34. Re1 cxb3 35. axb3 Qd8 36. Ra4 Qc8 37. gxh6 Rxh6 38. Qg3 Rxc2 39. Rg1 Rxb2+ 40. Kxb2 Qe6 41. Rc4 Rxh5 42. Rg2 Qh6 43. Nf4 Rh1 44. Rc1 Qf6+ 45. Kb1 Rh6 46. Rcg1 g6 47. Nd5 Qd4 48. Qf2 Qxe4+ 49. Kb2 Qe5+ 50. Nc3 Bg7 51. Qc2 Rh3 52. Rg3 Rxg3 53. Rxg3 Qxg3 54. Ka2 Qxc3 55. Qxc3 Bxc3 0-1


[Site "https://www.chess.com"]

[Event "Titled Tuesday Blitz July 4 Late 2023"]
[White "Curtis, John"]
[Black "Yeritsyan, Hayk"]
[WhiteFideId "3200256"]
[BlackFideId "13307320"]
[WhiteElo "2139"]
[BlackElo "2490"]
[Result "1/2-1/2"]
[Round "7"]
[TimeControl "180+2"]
[Date "2023.07.04"]
[WhiteClock "0:00:45"]
[BlackClock "0:00:14"]
[Board "94"]

1. d4 d5 2. c4 e6 3. Nf3 Nf6 4. Nc3 dxc4 5. Bg5 Be7 6. e3 a6 7. Bxc4 b5 8. Bd3 Bb7 9. Bxf6 Bxf6 10. Be4 c6 11. O-O O-O 12. Rc1 Nd7 13. Qc2 Qb6 14. Bxh7+ Kh8 15. Bd3 c5 16. Qe2 c4 17. Bb1 g6 18. Ne4 Bxe4 19. Bxe4 Rad8 20. b3 cxb3 21. axb3 Kg7 22. Rc6 Qa5 23. Qe1 Qa2 24. Qb1 Qa3 25. Qa1 Qxb3 26. Rb1 Qa4 27. Qxa4 bxa4 28. Rxa6 Rb8 29. Rxb8 Rxb8 30. Rxa4 Rc8 31. Ra1 Rb8 32. g3 Rb2 33. h4 Nb6 34. Rb1 Rxb1+ 35. Bxb1 Nd7 36. Bd3 e5 37. dxe5 Nxe5 38. Nxe5 Bxe5 39. f4 Bc7 40. g4 f6 41. Kf2 g5 42. Kg3 Kh6 43. h5 Bb8 44. Kf3 Bd6 45. Bg6 Kg7 46. Ke4 Ba3 47. Kf5 gxf4 48. exf4 Bc1 49. g5 fxg5 50. fxg5 Bxg5 51. Kxg5 Kh8 52. h6 Kg8 53. Kf6 Kh8 54. Bf5 Kg8 55. Kg6 Kh8 56. Be6 1/2-1/2


[Site "https://www.chess.com"]

[Event "Titled Tuesday Blitz July 4 Late 2023"]
[White "Osmonbekov, Talaibek"]
[Black "Sun, Rick"]
[WhiteFideId "2017253"]
[BlackFideId "30909481"]
[WhiteElo "2170"]
[BlackElo "2588"]
[Result "0-1"]
[Round "7"]
[TimeControl "180+2"]
[Date "2023.07.04"]
[WhiteClock "0:00:00"]
[BlackClock "0:00:05"]
[Board "95"]

1. d4 Nf6 2. Bf4 g6 3. Nc3 d6 4. e4 Bg7 5. Qd2 O-O 6. O-O-O Nc6 7. Nf3 b5 8. Bxb5 Bd7 9. d5 Na5 10. Bxd7 Nxd7 11. Bh6 Nc4 12. Qf4 Qb8 13. b3 Bxc3 14. Bxf8 Qb4 15. Rd3 Qa3+ 16. Kd1 Nb2+ 17. Ke2 Nxd3 18. Kxd3 Be5 19. Nxe5 Nxe5+ 20. Kd2 Rxf8 21. h4 Qa5+ 22. Ke2 Qxa2 23. Kd2 Qa5+ 24. Ke2 Qb5+ 25. Kd2 Qb4+ 26. Kc1 Qc3 27. Rh3 Qe1+ 28. Kb2 Rb8 29. h5 Nc4+ 30. Ka2 Qa5+ 31. Kb1 Qe1+ 32. Ka2 Qe2 33. Qc1 Ne5 34. hxg6 fxg6 35. Kb2 Nc4+ 36. Kc3 Ne5 37. Qh6 Qe1+ 38. Kb2 Nc4+ 39. Ka2 Qa5+ 40. Kb1 Rxb3+ 41. cxb3 Qe1+ 42. Ka2 Qe2+ 43. Qd2 Qxd2+ 0-1


[Site "https://www.chess.com"]

[Event "Titled Tuesday Blitz July 4 Late 2023"]
[White "Mickiewicz, Piotr"]
[Black "Vlassov, Nikolai"]
[WhiteFideId "1114891"]
[BlackFideId "4103360"]
[WhiteElo "2428"]
[BlackElo "2561"]
[Result "1-0"]
[Round "7"]
[TimeControl "180+2"]
[Date "2023.07.04"]
[WhiteClock "0:00:14"]
[BlackClock "0:01:24"]
[Board "96"]

1. Nf3 c5 2. g3 Nc6 3. Bg2 e5 4. O-O g5 5. e4 g4 6. Nh4 d6 7. d3 Be7 8. Nf5 Bxf5 9. exf5 h5 10. Bxc6+ bxc6 11. c4 Qd7 12. Qa4 Rc8 13. Nc3 h4 14. Be3 Qxf5 15. Ne4 Qf3 16. Nd2 Qf5 17. Qxa7 Qxd3 18. Qb7 Kd8 19. Rad1 hxg3 20. Bxc5 g2 21. Bb6+ Ke8 22. Qxc8+ Bd8 23. Qxd8# 1-0


[Site "https://www.chess.com"]

[Event "Titled Tuesday Blitz July 4 Late 2023"]
[White "Czerw, Dawid"]
[Black "Silva Lucena, Cristian"]
[WhiteFideId "1145746"]
[BlackFideId "2232588"]
[WhiteElo "2556"]
[BlackElo "2407"]
[Result "1-0"]
[Round "7"]
[TimeControl "180+2"]
[Date "2023.07.04"]
[WhiteClock "0:00:05"]
[BlackClock "0:00:03"]
[Board "97"]

1. e4 e5 2. Nf3 Nc6 3. Bb5 a6 4. Ba4 Nf6 5. d4 exd4 6. O-O Be7 7. e5 Ne4 8. Nxd4 Nxd4 9. Qxd4 Nc5 10. Nc3 Nxa4 11. Qxa4 O-O 12. Bf4 d5 13. exd6 Bxd6 14. Rad1 Bd7 15. Qd4 Bg4 16. f3 Bf5 17. Bxd6 Qxd6 18. Qxd6 cxd6 19. Rd2 Rfe8 20. Nd5 Rac8 21. Rc1 h6 22. c3 a5 23. Kf2 Rc6 24. Rcd1 Be6 25. a3 b6 26. Nf4 g5 27. Nh5 Rd8 28. Nf6+ Kg7 29. Ne4 d5 30. Ng3 Rdc8 31. Nf1 b5 32. Rd4 Rb8 33. Ne3 Rcb6 34. Nxd5 Bxd5 35. Rxd5 b4 36. cxb4 axb4 37. a4 b3 38. R1d3 Rc6 39. Rd2 Rc2 40. Ke3 Rb4 41. R5d3 Rc1 42. Rd4 Rb7 43. Kd3 h5 44. a5 Kg6 45. Rd6+ Kg7 46. a6 Ra7 47. Rb6 Ra1 48. Kc3 R1xa6 49. Rxa6 Rxa6 50. Kxb3 h4 51. Rd5 Kg6 52. Kc3 f6 53. b4 Rc6+ 54. Kb3 Re6 55. Rd2 h3 56. gxh3 Re3+ 57. Kc4 Rxf3 58. b5 Rxh3 59. b6 Rh7 60. Kc5 f5 61. Kc6 Rh8 62. b7 Rb8 63. Kc7 Rxb7+ 64. Kxb7 f4 65. Kc6 Kf5 66. Kd5 f3 67. Rf2 Kf4 68. Kd4 g4 69. Rf1 g3 70. hxg3+ Kxg3 71. Ke3 f2 72. Rxf2 Kg4 73. Rf3 1-0


[Site "https://www.chess.com"]

[Event "Titled Tuesday Blitz July 4 Late 2023"]
[White "Melikhov, Evgeny V."]
[Black "Dinosaurio_1975"]
[WhiteFideId "4122046"]
[WhiteElo "2406"]
[BlackElo "2543"]
[Result "0-1"]
[Round "7"]
[TimeControl "180+2"]
[Date "2023.07.04"]
[WhiteClock "0:00:05"]
[BlackClock "0:00:12"]
[Board "98"]

1. d4 d5 2. c4 e6 3. Nc3 Nf6 4. cxd5 exd5 5. Bg5 c6 6. Qc2 h6 7. Bh4 Be7 8. e3 O-O 9. Bd3 Re8 10. Nge2 Nbd7 11. O-O a5 12. Rae1 Nh5 13. Bg3 Nxg3 14. Nxg3 Nf6 15. f3 c5 16. b3 cxd4 17. exd4 Bb4 18. Rxe8+ Qxe8 19. Kf2 Be6 20. Na4 Rc8 21. Qe2 Qc6 22. Kg1 Bd7 23. Rd1 b5 24. Nc5 Bxc5 25. dxc5 Qxc5+ 26. Kh1 Re8 27. Qd2 b4 28. h3 Qc3 29. Nf5 Qxd2 30. Rxd2 Re1+ 31. Kh2 Bxf5 32. Bxf5 Rc1 33. Kg3 Kf8 34. Kf2 Ke7 35. h4 g6 36. Bh3 h5 37. g3 Kd6 38. Bf1 Kc5 39. Be2 Ne8 40. g4 Nd6 41. gxh5 gxh5 42. Kg3 Nf5+ 43. Kf4 Nxh4 44. Kg5 Rh1 45. f4 Ng6 46. Bxh5 Nxf4 47. Bxf7 Rf1 48. Kg4 d4 49. Kg3 Ne2+ 50. Rxe2 Rxf7 51. Re5+ Kd6 52. Rxa5 d3 53. Ra8 Kd5 54. Rd8+ Ke4 55. Rd6 Ke3 56. Rd5 d2 57. Rd6 Ke2 58. Rd4 d1=Q 0-1


[Site "https://www.chess.com"]

[Event "Titled Tuesday Blitz July 4 Late 2023"]
[White "Prem, Pranav"]
[Black "Cooklev, Steven"]
[WhiteFideId "30901057"]
[BlackFideId "2050552"]
[WhiteElo "2531"]
[BlackElo "2378"]
[Result "1/2-1/2"]
[Round "7"]
[TimeControl "180+2"]
[Date "2023.07.04"]
[WhiteClock "0:00:18"]
[BlackClock "0:00:28"]
[Board "99"]

1. d4 Nf6 2. c4 e6 3. Nf3 d5 4. Nc3 dxc4 5. e3 a6 6. Bxc4 b5 7. Bd3 c5 8. O-O Nbd7 9. a3 Bb7 10. Qe2 Bd6 11. e4 cxd4 12. Nxd4 Qb8 13. h3 O-O 14. Be3 Nc5 15. Bg5 Nxd3 16. Qxd3 Bh2+ 17. Kh1 Bf4 18. Bxf6 gxf6 19. Qf3 Qe5 20. Nde2 Bh6 21. Rfd1 Rfd8 22. Rd3 Rxd3 23. Qxd3 Bc6 24. Rd1 Kh8 25. Nd4 Bb7 26. Nf3 Qc7 27. Qd4 Bg7 28. Qd7 Rc8 29. Kg1 Kg8 30. Qd3 Bh6 31. Qd4 Bg7 32. Qd3 Bh6 33. Qd4 Bg7 34. Qd3 1/2-1/2


[Site "https://www.chess.com"]

[Event "Titled Tuesday Blitz July 4 Late 2023"]
[White "BenchGM"]
[Black "Sadovsky, Artem"]
[BlackFideId "4155840"]
[WhiteElo "2375"]
[BlackElo "2530"]
[Result "0-1"]
[Round "7"]
[TimeControl "180+2"]
[Date "2023.07.04"]
[WhiteClock "0:00:00"]
[BlackClock "0:01:05"]
[Board "100"]

1. e4 g6 2. d4 Bg7 3. Nc3 c6 4. Be3 d5 5. e5 h5 6. Bd3 Nh6 7. Nge2 Bf5 8. Bxh6 Rxh6 9. Bxf5 gxf5 10. Ng3 e6 11. Nxh5 Qg5 12. Nxg7+ Qxg7 13. Qf3 Nd7 14. O-O-O O-O-O 15. g3 Rh3 16. Qg2 Rdh8 17. f4 Qh6 18. Rd2 Nf8 19. Rf2 Ng6 20. Ne2 Qh5 21. Ng1 Qg4 22. Nxh3 Rxh3 23. Qf3 Ne7 24. Qxg4 fxg4 25. c3 Nf5 26. Rg2 Ne3 27. Re2 Nf5 28. Rg1 Kc7 29. Kd2 b5 30. Kd3 Kb6 31. b3 a5 32. c4 Ne7 33. cxd5 Nxd5 34. a3 Nxf4+ 35. Kd2 Nxe2 36. Kxe2 Rxh2+ 37. Ke3 Rb2 38. b4 axb4 39. axb4 Rxb4 40. Ke4 c5 41. Rf1 Rxd4+ 42. Ke3 Kc6 43. Rxf7 Kd5 0-1


[Site "https://www.chess.com"]

[Event "Titled Tuesday Blitz July 4 Late 2023"]
[White "Aggelis, Nikolaos"]
[Black "Kostiukov, Alexandr"]
[WhiteFideId "4213220"]
[BlackFideId "14108100"]
[WhiteElo "2522"]
[BlackElo "2309"]
[Result "1-0"]
[Round "7"]
[TimeControl "180+2"]
[Date "2023.07.04"]
[WhiteClock "0:00:28"]
[BlackClock "0:00:00"]
[Board "101"]

1. c4 c5 2. Nf3 Nf6 3. g3 g6 4. Bg2 Bg7 5. O-O O-O 6. d4 cxd4 7. Nxd4 Nc6 8. Nc3 Nxd4 9. Qxd4 d6 10. b3 d5 11. cxd5 Nxd5 12. Qxd5 Bxc3 13. Bh6 Qxd5 14. Bxd5 Rd8 15. Rad1 Bh3 16. Bg2 Bxg2 17. Kxg2 f5 18. Rxd8+ Rxd8 19. Rc1 Be5 20. Rc5 Bd6 21. Rc2 Kf7 22. Be3 a6 23. Bb6 Rd7 24. Kf3 e5 25. e4 Ke6 26. Rc8 Rf7 27. Ke3 Rf8 28. Rc2 f4+ 29. Kd3 h5 30. a4 g5 31. Ke2 h4 32. g4 f3+ 33. Kd3 Kd7 34. h3 Ke6 35. Be3 Rg8 36. Rc4 Kd7 37. Bb6 Rf8 38. Ke3 Rf7 39. b4 Rf8 40. b5 axb5 41. axb5 Ra8 42. Kxf3 Ra3+ 43. Be3 Rb3 44. b6 Rb5 45. Kg2 Rb3 46. Bxg5 Rxb6 47. Bxh4 Rb2 48. Bg5 b5 49. Bc1 Ra2 50. Rc3 b4 51. Rb3 Bc5 52. Bb2 1-0


[Site "https://www.chess.com"]

[Event "Titled Tuesday Blitz July 4 Late 2023"]
[White "marik_spb"]
[Black "Saucey, Michel"]
[BlackFideId "601845"]
[WhiteElo "2500"]
[BlackElo "2291"]
[Result "1-0"]
[Round "7"]
[TimeControl "180+2"]
[Date "2023.07.04"]
[WhiteClock "0:00:51"]
[BlackClock "0:00:00"]
[Board "102"]

1. e4 c5 2. c3 d5 3. exd5 Qxd5 4. Nf3 Nf6 5. d4 Nc6 6. dxc5 Qxd1+ 7. Kxd1 Bf5 8. Be3 O-O-O+ 9. Nbd2 e5 10. Bb5 Nd5 11. Bxc6 Nxe3+ 12. fxe3 bxc6 13. Nxe5 Bxc5 14. Re1 Rhe8 15. Nxc6 Rd6 16. Nd4 Bg4+ 17. Kc2 Rf6 18. N2f3 Bh5 19. Rad1 Kc7 20. b4 Bb6 21. c4 Bxd4 22. exd4 Rxe1 23. Rxe1 Bxf3 24. gxf3 Rxf3 25. Re7+ Kd6 26. Rxa7 Rf2+ 27. Kd3 Rxh2 28. Rxf7 g5 29. b5 g4 30. c5+ Ke6 31. Rg7 h5 32. b6 Rxa2 33. Rh7 g3 34. Rxh5 g2 35. Rg5 Kd7 36. d5 1-0


[Site "https://www.chess.com"]

[Event "Titled Tuesday Blitz July 4 Late 2023"]
[White "Reprintsev, Alexander"]
[Black "Mendez Machado, Andre"]
[WhiteFideId "14100541"]
[BlackFideId "6603793"]
[WhiteElo "2484"]
[BlackElo "2258"]
[Result "1-0"]
[Round "7"]
[TimeControl "180+2"]
[Date "2023.07.04"]
[WhiteClock "0:01:11"]
[BlackClock "0:00:03"]
[Board "103"]

1. e4 e5 2. Nf3 Nc6 3. Bc4 Bc5 4. b4 Bxb4 5. c3 Be7 6. d4 Na5 7. Be2 d6 8. dxe5 dxe5 9. Qa4+ Nc6 10. Nxe5 Bd7 11. Nxd7 Qxd7 12. Bb5 Nf6 13. O-O Nxe4 14. Qxe4 O-O 15. Bxc6 bxc6 16. Ba3 Rfe8 17. Bxe7 Rxe7 18. Qd4 Qf5 19. Nd2 h5 20. Nf3 Re4 21. Qd2 Rg4 22. Nd4 Qd5 23. f3 Rg6 24. Nb3 Qf5 25. Rae1 h4 26. Re2 c5 27. Qc2 Qh5 28. Qe4 Rd8 29. h3 Qg5 30. Qe7 Qxe7 31. Rxe7 c4 32. Nd4 c5 33. Ne2 Rd2 34. Nf4 Rf6 35. Re4 Rxa2 36. Rxc4 a5 37. Rf2 Ra1+ 38. Kh2 a4 39. Nd5 Ra6 40. Re2 a3 41. Ne7+ Kh7 42. Rxh4+ Rh6 43. Rxh6+ gxh6 44. Nd5 Rc1 45. Ra2 Rd1 46. c4 Rd4 47. Rxa3 Rxc4 48. Nf6+ Kg7 49. Ne4 Rc2 50. Rc3 Rxc3 51. Nxc3 Kf6 52. f4 Kf5 53. Kg3 h5 54. Kf3 1-0


[Site "https://www.chess.com"]

[Event "Titled Tuesday Blitz July 4 Late 2023"]
[White "rikchessmx"]
[Black "a-z30"]
[WhiteElo "2242"]
[BlackElo "2480"]
[Result "0-1"]
[Round "7"]
[TimeControl "180+2"]
[Date "2023.07.04"]
[WhiteClock "0:00:00"]
[BlackClock "0:00:03"]
[Board "104"]

1. e4 d6 2. d4 Nf6 3. Nc3 g6 4. f3 Bg7 5. Be3 O-O 6. Qd2 e5 7. h4 exd4 8. Bxd4 Nc6 9. Be3 d5 10. exd5 Nb4 11. O-O-O Bf5 12. Bc5 Nxc2 13. Bxf8 Qxf8 14. g4 Nxg4 15. fxg4 Bxg4 16. Qxc2 Bxd1 17. Nxd1 Qd6 18. Bc4 b5 19. Bb3 a5 20. Qc6 Qf4+ 21. Kb1 Rd8 22. Ne2 Qe4+ 23. Bc2 Qxh1 24. Qxc7 Qxd5 25. Nec3 Bxc3 26. Qxc3 b4 27. Qf6 Qd4 28. Qe7 Rc8 29. h5 Qc5 30. Qxc5 Rxc5 31. hxg6 fxg6 32. Ne3 Kg7 33. a3 bxa3 34. bxa3 h5 35. Kb2 g5 36. Nf5+ Kf6 37. Nd6 Ke5 38. Ne4 Rb5+ 39. Kc3 Kf4 40. Nd6 Re5 41. Nc4 Rd5 42. Bb3 h4 43. Nd2 Rc5+ 44. Kd4 Rc8 45. Nf1 g4 46. Be6 Rd8+ 47. Kc5 h3 48. Nh2 g3 49. Ng4 g2 0-1


[Site "https://www.chess.com"]